AoeStats
← Navix de los Bosques de Lituania

Arabia

506577822Analyzed
3v3 RM · 17d ago on Sep 14, 2026· 43m 42s· 6 players
Game mode
Random Map
Map size
Normal (6 player)
Population
200
Speed
Normal
Resources
Standard
Victory
Conquest
Starting age
Dark Age
Ending age
Imperial Age
RankedLock teamsTeams togetherTeam positionsShared explorationLock speedFull tech treeHidden civsTurbo modeCheats
Victory
Defeat
🇨🇴 Slavs · Colombia
743
+10
719
+11
🇦🇺 Bohemians · Australia
711
+12
🇧🇷 Turks · Brazil
723
-15
🇨🇱 Franks · Chile
596
-10
🇵🇰 Poles · Pakistan
522
-8
Hal0s_
5:33 Loom
10:03 Feudal Age
10:29 Double-Bit Axe
18:07 Man-at-Arms
18:39 Man-at-Arms
21:03 Forging
23:29 Castle Age
23:28 Wheelbarrow
26:39 Hand Cart
28:14 Husbandry
29:41 Gold Mining
30:18 Bow Saw
30:52 Town Watch
36:34 Gold Shaft Mining
42:15 Scale Barding Armor
46:01 Imperial Age
Snakepit_GNR
10:23 Loom
12:09 Feudal Age
13:32 Horse Collar
13:55 Double-Bit Axe
20:06 Gold Mining
25:35 Fletching
28:04 Castle Age
25:59 Stone Mining
28:10 Crossbowman
29:28 Bodkin Arrow
32:45 Padded Archer Armor
32:56 Forging
33:56 Leather Archer Armor
36:47 Heavy Plow
anm313710
2:08 Loom
15:27 Feudal Age
17:00 Wheelbarrow
16:21 Double-Bit Axe
16:48 Man-at-Arms
18:12 Gold Mining
18:38 Town Watch
18:46 Stone Mining
18:43 Horse Collar
22:58 Bloodlines
23:18 Scale Barding Armor
23:24 Forging
29:32 Castle Age
31:22 Fletching
32:28 Szlachta Privileges
32:26 Husbandry
31:46 Light Cavalry
34:01 Bodkin Arrow
35:22 Husbandry
Navix de los Bosques de Lituania
4:22 Loom
11:01 Feudal Age
12:00 Feudal Age
14:14 Man-at-Arms
14:39 Arson
15:15 Long Swordsman
16:08 Forging
17:21 Scale Mail Armor
18:13 Double-Bit Axe
26:31 Pikeman
28:43 Wheelbarrow
Derzer
6:34 Loom
10:06 Feudal Age
13:45 Man-at-Arms
19:58 Double-Bit Axe
19:55 Horse Collar
24:20 Wheelbarrow
23:31 Town Watch
24:32 Bloodlines
26:08 Scale Barding Armor
28:20 Forging
31:17 Castle Age
30:41 Gold Mining
30:43 Stone Mining
32:03 Husbandry
31:24 Light Cavalry
32:43 Caravan
34:09 Chain Barding Armor
33:52 Heavy Plow
34:05 Bow Saw
35:59 Iron Casting
35:59 Detinets
THENEYK
11:31 Feudal Age
19:18 Castle Age
26:29 Double-Bit Axe
27:39 Wagenburg Tactics
29:55 Town Watch
30:46 Wheelbarrow
37:21 Pikeman
42:35 Imperial Age
44:00 Bow Saw
Connection lost

Rejoining the realm…

Still unreachable

The connection could not be restored.

Session expired

The server has moved on; the page needs a fresh start.